 Dungeon Crawl Stone Soup version 0.30-a0-870-gc5d4c5acee (webtiles) character file.

Game seed: 1237564224517347873

3964 greasedhog the Basher (level 10, -1/64 HPs)
             Began as a Gargoyle Cinder Acolyte on Mar 12, 2023.
             Was a High Priest of Ignis.
             Slain by a meliai
             ... wielding a +0 hand axe
              (6 damage)
             ... on level 8 of the Dungeon.
             The game lasted 00:18:34 (8481 turns).

greasedhog the Basher (Gargoyle Cinder Acolyte)     Turns: 8481, Time: 00:18:35

Health: -1/64      AC: 22    Str: 22    XL:     10   Next: 22%
Magic:  11/11      EV:  8    Int: 15    God:    Ignis [*****.]
Gold:   480        SH:  0    Dex:  5    Spells: 11/11 levels left

rFire   + . .      SeeInvis +    A - +0 flail (drain)
rCold   . . .      Faith    .    (no shield)
rNeg    + . .      Spirit   .    l - +0 chain mail
rPois   ∞          Reflect  .    v - +0 helmet
rElec   +          Rampage  .    C - +2 cloak
rCorr   .                        m - +0 pair of gloves
Will    +....                    (no boots) Stlth
                                 N - amulet of the acrobat
HPRegen 0.30/turn                z - ring of willpower
MPRegen 0.12/turn                t - ring of see invisible

@: hasted, very quick
A: sickness immunity, AC +7, negative energy resistance 1, electricity
resistance, torment resistance 1, petrification resistance
a: Renounce Religion, Fiery Armour, Foxfire Swarm


You were on level 8 of the Dungeon.
You worshipped Ignis.
Ignis was extremely pleased with you.
You visited 2 branches of the dungeon, and saw 10 of its levels.
You also visited: Ossuary.

You collected 480 gold pieces.

Inventory:

Hand Weapons
 A - a +0 flail of draining (weapon)
Missiles
 j - 4 curare-tipped darts
 k - 20 boomerangs (quivered)
 B - a throwing net
Armour
 l - a +0 chain mail (worn)
 m - a +0 pair of gloves (worn)
 v - a +0 helmet (worn)
 C - a +2 cloak (worn)
Jewellery
 c - a +4 ring of protection
 t - a ring of see invisible (right hand)
 z - a ring of willpower (left hand)
 N - an amulet of the acrobat (around neck)
Wands
 a - a wand of paralysis (19)
 r - a wand of mindburst (5)
 L - a wand of flame (14)
Scrolls
 b - 3 scrolls of blinking
 f - 2 scrolls of fear
 g - a scroll of enchant armour
 i - a scroll of fog
 n - 2 scrolls of acquirement
 o - a scroll of amnesia {unknown}
 q - 2 scrolls of teleportation {unknown}
 s - a scroll of brand weapon {unknown}
 y - a scroll of silence {unknown}
 H - a scroll of enchant weapon {unknown}
 M - a scroll of immolation
Potions
 d - 2 potions of resistance
 e - 3 potions of curing
 h - a potion of mutation {unknown}
 p - 2 potions of haste
 u - a potion of ambrosia {unknown}
 w - 3 potions of cancellation
 x - a potion of magic {unknown}
 D - a potion of heal wounds {unknown}
 E - 3 potions of brilliance
 F - 5 potions of might
 G - 2 potions of attraction {unknown}
 I - a potion of lignification {unknown}
 J - a potion of berserk rage {unknown}


   Skills:
 * Level 8.3 Fighting
 - Level 12.0 Maces & Flails
 + Level 5.4 Armour
 - Level 1.0 Spellcasting
 - Level 3.0 Fire Magic


You had 11 spell levels left.
You didn't know any spells.
Your spell library contained the following spells:

 Spells                   Type           Power      Damage    Failure   Level
 Scorch                   Fire           18%        2d6       63%         2
 Freeze                   Ice            0%         1d3       88%         1
 Shock                    Conj/Air       0%         1d3       88%         1
 Ensorcelled Hibernation  Hex/Ice        0%         N/A       96%         2
 Passwall                 Tmut/Erth      0%         N/A       96%         2
 Frozen Ramparts          Ice            0%         1d1       99%         3
 Hailstorm                Conj/Ice       0%         3d3       99%         3
 Swiftness                Air            0%         N/A       99%         3
 Airstrike                Air            0%         2d(0-16)  100%        4


Dungeon Overview and Level Annotations

Branches:
Dungeon (9/15)             Temple (1/1) D:5         Ossuary (visited)
   Lair: D:8-11         Orc: D:9-12

Altars:
Ashenzari
Cheibriados
Dithmenos
Elyvilon
Fedhas
Gozag
Hepliaklqana
Kikubaaqudgha
Makhleb
Okawaru
Qazlal
Ru
Sif Muna
Trog
Uskayaw
Vehumet
Wu Jian
Xom
Yredelemnul
Zin
The Shining One

Annotations:
D:9 Psyche


Innate Abilities, Weirdness & Mutations

You are immune to sickness and miasma.
Your stone body is resilient. (AC +7)
You are immune to poison.
You resist negative energy. (rN+)
You are resistant to electric shocks. (rElec)
You are resistant to unholy torment.
You are immune to petrification.


Message History

Something smites you! The meliai hits you but does no damage.
The meliai stings you but does no damage.
You climb upwards.
There is a stone staircase leading down here.
You completely miss the meliai. The meliai hits you with a +0 hand axe!
The meliai stings you but does no damage.
You barely miss the meliai. The meliai hits you but does no damage.
The meliai stings you but does no damage.
The meliai hits you with a +0 hand axe. The meliai closely misses you.
You closely miss the meliai. The meliai hits you but does no damage.
The meliai barely misses you. The meliai hits you but does no damage.
The meliai barely misses you.
You closely miss the meliai. The meliai completely misses you.
The meliai stings you but does no damage.
You hit the meliai.
The meliai is moderately wounded.
The meliai hits you with a +0 hand axe! The meliai barely misses you. x2
The meliai stings you but does no damage.
You miss the meliai.
The meliai is moderately wounded.
The meliai hits you but does no damage.
The meliai stings you but does no damage.
You hit the meliai but do no damage.
The meliai is moderately wounded.
The meliai calls down the wrath of its god upon you.
Something smites you! The meliai hits you with a +0 hand axe.
The meliai stings you but does no damage.
You hit the meliai but do no damage. You drain the meliai.
The meliai is moderately wounded.
The meliai hits you but does no damage.
The meliai stings you but does no damage.
The meliai hits you with a +0 hand axe.
* * * LOW HITPOINT WARNING * * *
The meliai stings you but does no damage.
You feel yourself speed up.
The meliai mumbles some strange prayers to its god against you.
Something smites you!
* * * LOW HITPOINT WARNING * * *
The meliai hits you with a +0 hand axe.
You die...

##...## #.# ##.....##
####.# ##.......##
##.##.#
###.........####...#.##
#.'.........'.........###
###.).......####........#
##.......## #...#..#.#
##.....## #.#.#..#.#
##...## #@#....#.# ##'##
#y#.##.#.# #######.#
#.#.##.#.# ......#.#####
#.#.##.#.# ####........#
#........# # #...†.##.#
###.######
####......#.######.#
##.................#
##.#..#.###.########


You could see a meliai (drained).

Vanquished Creatures
  Joseph (D:7)
  A troll (D:8)
  A hornet (D:7)
  A slime creature (D:8)
  A wyvern (D:8)
  A vampire mosquito (D:8)
  A steam dragon (D:7)
  A water moccasin (D:7)
  An orc warrior (D:8)
  A black bear (D:8)
  An ogre (D:5)
  3 centaurs
  A phantom (D:5)
  3 kobold brigands
  2 elf zombies (Ossuary)
  4 bullfrogs (D:8)
  3 scorpions
  3 howler monkeys
  A human zombie (Ossuary)
  5 hounds
  6 orc priests
  3 jellies
  5 iguanas (D:5)
  6 orc wizards
  5 mummies
  8 gnolls (D:5)
  3 adders
  2 shadow imps
  A white imp (D:6)
  4 adder zombies (Ossuary)
  A worm (D:4)
  3 dart slugs
  20 orcs
  3 ball pythons
  8 endoplasms
  2 giant cockroaches
  13 goblins
  4 hobgoblins
  4 jackals (D:1)
  2 quokkas
  4 bats
  2 frilled lizards
  2 goblin zombies (Ossuary)
  2 jackal zombies (Ossuary)
  15 kobolds
  2 kobold zombies (D:4)
  10 rats
  A rat zombie (Ossuary)
177 creatures vanquished.

Vanquished Creatures (others)
  An orc wizard (D:9)
  4 plants (D:5)
5 creatures vanquished.

Grand Total: 182 creatures vanquished

Notes
Turn   | Place    | Note
-------+----------+-------------------------------------------
     0 | D:1      | greasedhog the Gargoyle Cinder Acolyte began the quest for
                  | the Orb.
     0 | D:1      | Reached XP level 1. HP: 14/14 MP: 2/2
    88 | D:1      | Reached XP level 2. HP: 13/19 MP: 3/3
   370 | D:1      | Reached XP level 3. HP: 23/24 MP: 4/4
   549 | D:1      | Reached skill level 4 in Maces & Flails
   683 | D:1      | Found a faded altar of an unknown god.
  1359 | D:2      | Reached XP level 4. HP: 27/29 MP: 5/5
  1818 | D:3      | Found a shadowy altar of Dithmenos.
  2442 | D:4      | Reached skill level 5 in Maces & Flails
  2442 | D:4      | Reached XP level 5. HP: 24/34 MP: 6/6
  2495 | D:4      | Found a sand-covered staircase.
  2619 | Ossuary  | Entered an ossuary
  2639 | Ossuary  | Reached XP level 6. HP: 35/40 MP: 7/7
  2644 | Ossuary  | Reached skill level 5 in Fighting
  2645 | Ossuary  | Reached skill level 6 in Maces & Flails
  3295 | D:5      | Entered Level 5 of the Dungeon
  3301 | D:5      | Reached skill level 1 in Armour
  3301 | D:5      | Reached XP level 7. HP: 35/44 MP: 8/8
  3508 | D:5      | Reached skill level 7 in Maces & Flails
  3521 | D:5      | Found a staircase to the Ecumenical Temple.
  3603 | Temple   | Entered the Ecumenical Temple
  3652 | D:5      | You fall into a shaft and drop 3 floors!
  3892 | D:5      | Reached XP level 8. HP: 45/49 MP: 9/9
  3942 | D:5      | Reached skill level 8 in Maces & Flails
  4782 | D:6      | Reached skill level 9 in Maces & Flails
  5022 | D:6      | Reached skill level 5 in Armour
  5547 | D:7      | Noticed a hornet
  5555 | D:7      | Killed a hornet
  5556 | D:7      | Reached XP level 9. HP: 55/55 MP: 10/10
  5576 | D:7      | Reached skill level 10 in Maces & Flails
  5825 | D:7      | Noticed Joseph
  5949 | D:7      | Killed Joseph
  6379 | D:8      | Reached skill level 11 in Maces & Flails
  6795 | D:8      | Found a sacrificial altar of Ru.
  6800 | D:8      | Found a blossoming altar of Fedhas.
  6800 | D:8      | Found a burning altar of Makhleb.
  6811 | D:8      | Found a basalt altar of Yredelemnul.
  6814 | D:8      | Found a shimmering altar of Xom.
  6889 | D:8      | Found an opulent altar of Gozag.
  7290 | D:8      | Identified 2 scrolls of acquirement
  7353 | D:9      | Noticed Psyche
  7533 | D:9      | Noticed a boulder beetle
  7534 | D:9      | Noticed a troll
  7534 | D:9      | a basilisk changed into a meliai
  7534 | D:9      | Noticed a meliai (shapeshifter)
  7935 | D:9      | Reached XP level 10. HP: 61/63 MP: 11/11
  7988 | D:9      | Noticed a cyclops
  8055 | D:8      | Reached skill level 12 in Maces & Flails
  8156 | D:9      | Noticed a rakshasa
  8468 | D:9      | Identified the ring of Megair {Wiz Str-4 Int+5 Dex+2}
  8481 | D:8      | Slain by a meliai

Illustrated notes

Levels and vault maps discovered:
D:1:      enne_arrival_octagon_isle, layout_basic,
          hellmonk_ecumenical_altar_pennies_from_heaven, minmay_rat_gold_closets
D:2:      layout_basic, eino_curves_03, eino_tiny_chamber
D:3:      layout_loops_ring, grunt_dithmenos_smoke_and_mirrors,
          minmay_misc_feat_iff
D:4:      layout_basic, nicolae_ossuary_entry_giza
D:5:      layout_loops_ring, minmay_temple_entry_offerings, serial_bayou_pond_e,
          nicolae_figureground_pulse
D:6:      layout_basic
D:7:      layout_layer_cave, uniq_joseph
D:8:      layout_loops_corners, lemuel_doored_altar,
          minmay_overflow_temple_star_hex, enter_bailey_5
D:9:      layout_irregular_city, nemelex_xobeh_ov_fountains_minmay,
          nicolae_shop_fire_sale [nicolae_sub_dead_trees],
          nicolae_rejected_hall, uniq_psyche, uniq_erolcha
Temple:   nicolae_temple_ecumenical_triangle

Skill      XL: |  1  2  3  4  5  6  7  8  9 10 |
---------------+-------------------------------+-----
Maces & Flails | 4 5 6 7 9 11 12 | 12.0
Fighting       | 4 5 7 8 |  8.3
Armour         | 1 3 5 |  5.4
Spellcasting   | |  1.0
Fire Magic     | |  3.0

Action                     |  1- 3 |  4- 6 |  7- 9 | 10-12 || total
---------------------------+-------+-------+-------+-------++-------
  Melee: Mace              |   127 |   116 |    70 |       ||   313
         Punch             |       |     2 |     1 |     2 ||     5
         Flail             |       |       |   309 |    70 ||   379
  Throw: Dart              |       |       |     1 |       ||     1
 Invoke: Fiery Armour      |       |     1 |     1 |       ||     2
         Rising Flame      |       |       |     1 |       ||     1
  Evoke: Wand              |       |     2 |     5 |       ||     7
    Use: Scroll            |       |     9 |     7 |       ||    16
         Potion            |       |     1 |       |     1 ||     2
 Armour: Robe              |     3 |       |       |       ||     3
         Leather armour    |    16 |       |       |       ||    16
         Chain mail        |    27 |   112 |   326 |    69 ||   534
  Dodge: Dodged            |    67 |    63 |   165 |    56 ||   351

Table legend: (Time is in decaauts)
 A = Elapsed time spent in this place.
 B = Non-inter-level travel time spent in this place.
 C = Inter-level travel time spent in this place.
 D = Time resting spent in this place.
 E = Time spent auto-exploring this place.
 F = Levels seen in this place.
 G = Mean time per level.
                   A        B        C        D        E       F      G
               +--------+--------+--------+--------+--------+-----+--------+
         Total |   8496 |   7872 |    624 |    929 |   5324 |  11 |  772.4 |
       Dungeon |   8232 |   7626 |    606 |    929 |   5174 |   9 |  914.7 |
        Temple |     43 |     25 |     18 |      0 |     18 |   1 |   43.0 |
       Ossuary |    220 |    220 |      0 |      0 |    132 |   1 |  220.0 |
               +--------+--------+--------+--------+--------+-----+--------+

Top non-repeatable levels by time:
     D:8: 2129 daAuts
     D:5: 1239 daAuts
     D:2: 909 daAuts
     D:7: 877 daAuts
     D:1: 854 daAuts
     D:4: 793 daAuts
     D:6: 746 daAuts
     D:3: 559 daAuts
 Ossuary: 220 daAuts
     D:9: 122 daAuts
  Temple: 43 daAuts
